Map: 어스름 탑

Players

llllllllllll (Scarlett)

  • Race: Zerg Zerg
  • League: Grandmaster

Betelgeuse - Winner!

  • Race: Terran Terran
  • League: Master

VOD

https://www.youtube.com/watch?v=jckVTy8wCPQ

Description

Time

  • Played on: April 14, 2016, 1:50 p.m.
  • Length: 11:49
Show
View Real Time Build Order
Export as new Build Order

llllllllllll Zerg 

Build Orders: Hatch First 

Get SALT Encoding   

  12  0:00  Drone  
  13  0:10  Drone  
  14  0:17  Overlord  
  14  0:24  Extractor, Drone  
  15  0:37  Drone x2  
  17  0:53  Hatchery  
  16  0:58  Drone x2  
  18  1:12  Spawning Pool  
  18  1:14  Extractor  
  18  1:17  Drone  
  17  1:19  Drone  
  18  1:27  Drone  
  19  1:42  Overlord  
  19  1:49  Drone  
  20  1:59  Drone  
  20  2:00  Queen  
  23  2:05  Queen  
  23  2:06  Drone  
  26  2:09  Zergling x2  
  27  2:16  Metabolic Boost  
  27  2:18  Zergling x2  
  28  2:25  Drone  
  29  2:36  Queen  
  30  2:44  Overlord, Drone x2  
  30  2:45  Drone  
  33  2:58  Hatchery  
  32  3:03  Drone  
  32  3:04  Drone x2  
  35  3:13  Pneumatized Carapace  
  35  3:14  Drone x3  
  38  3:20  Drone x2  
  38  3:22  Drone  
  38  3:26  Drone x2  
  43  3:34  Roach Warren  
  43  3:38  Overlord  
  43  3:39  Zergling x2  
  43  3:55  Queen  
  43  3:57  Drone x6  
  51  4:10  Extractor x2  
  49  4:20  Zergling x8  
  49  4:21  Spore Crawler, Roach x3  
  49  4:22  Overlord x2  
  58  4:26  Evolution Chamber  
  58  4:28  Evolution Chamber  
  56  4:42  Drone  
  56  4:43  Drone x7  
  61  5:00  Drone  
  61  5:01  Drone x9  
  68  5:07  Zerg Ground Armor Level 1, Zerg Melee Weapons Level 1  
  68  5:13  Drone  
  70  5:14  Drone x3  
  70  5:20  Drone x3  
  73  5:24  Lair  
  73  5:28  Extractor  
  72  5:38  Drone  
  72  5:39  Overlord x2, Drone  
  74  5:58  Drone  
  74  5:59  Extractor x2, Drone x11  
  74  6:00  Queen  
  74  6:02  Overlord  
  86  6:10  Drone x4  
  90  6:19  Hatchery  
  89  6:28  Roach x4  
  89  6:30  Overlord x2  
  89  6:31  Overlord x2  
  97  6:36  Zergling x2  
  98  6:50  Spore Crawler  
  98  6:51  Roach x2, Zergling x8  
  105  6:57  Zergling x4  
  107  7:02  Zerg Melee Weapons Level 2, Zerg Ground Armor Level 2  
  107  7:05  Zergling x10  
  107  7:06  Zergling x2  
  107  7:08  Queen  
  92  7:40  Overlord, Drone x8  
  92  7:41  Drone x3  
  101  7:50  Spore Crawler  
  100  7:52  Drone x5  
  100  7:53  Spire  
  100  7:56  Queen  
  106  7:59  Ravager x7  
  106  8:02  Queen  
  106  8:05  Drone x2  
  117  8:06  Extractor  
  117  8:07  Drone x6  
  117  8:08  Zergling x4  
  117  8:11  Extractor  
  123  8:18  Infestation Pit, Drone x2  
  124  8:23  Zergling x2  
  124  8:24  Zergling x8  
  129  8:28  Drone x2  
  129  8:31  Baneling Nest  
  130  8:35  Hatchery  
  130  8:40  Spore Crawler  
  130  8:41  Spine Crawler  
  127  8:44  Spine Crawler  
  127  8:46  Spine Crawler  
  125  8:48  Spore Crawler  
  125  8:50  Zergling x12  
  125  8:51  Zergling x16  
  138  9:02  Spore Crawler, Hive  
  137  9:04  Infestor x3  
  137  9:05  Mutalisk x3  
  133  9:20  Mutalisk x8  
  135  9:29  Overlord x6  
  135  9:34  Overseer  
  131  9:46  Overseer  
  131  9:51  Hatchery  
  129  9:52  Zergling x2  
  129  9:53  Zergling x14  
  129  9:56  Infestor  
  129  9:58  Infestor  
  140  10:00  Zergling x4  
  140  10:01  Zergling x2  
  140  10:04  Zergling x12  
  140  10:06  Centrifical Hooks  
  149  10:15  Ultralisk Cavern  
  148  10:23  Zergling x10  
  153  10:41  Queen  
  155  10:45  Overlord  
  154  11:02  Ultralisk  
  154  11:03  Zergling x20  
  152  11:10  Zergling x12  
  111  11:19  Zergling x16  
Show
View Real Time Build Order
Export as new Build Order

Betelgeuse Terran - Winner!

Build Orders: Liberator Opening, Reaper Expand, MMM Bio 

Get SALT Encoding   

  12  0:00  SCV  
  13  0:13  SCV  
  14  0:17  Supply Depot  
  14  0:25  SCV  
  15  0:38  SCV  
  15  0:40  Barracks  
  16  0:43  Refinery  
  16  0:50  SCV  
  17  1:03  SCV  
  18  1:15  SCV  
  19  1:28  Orbital Command, Reaper  
  20  1:41  Command Center  
  20  1:51  Supply Depot  
  20  1:53  SCV  
  21  1:58  Refinery  
  21  2:00  Marine  
  22  2:06  SCV  
  23  2:14  Factory  
  23  2:18  SCV  
  23  2:22  Barracks Reactor  
  24  2:34  SCV  
  24  2:46  SCV  
  25  2:53  Orbital Command  
  25  2:59  SCV  
  25  3:02  Starport  
  26  3:08  Hellion x2  
  26  3:11  SCV  
  31  3:13  Barracks Tech Lab  
  31  3:19  SCV  
  32  3:23  SCV  
  32  3:24  Supply Depot  
  33  3:30  Hellion x2  
  33  3:33  Marine  
  38  3:34  Stimpack  
  38  3:37  SCV x2  
  38  3:38  Medivac  
  42  3:47  Supply Depot  
  42  3:49  SCV x2  
  44  3:56  Liberator  
  44  4:02  Barracks x2, SCV  
  45  4:05  Factory Reactor  
  45  4:07  SCV  
  49  4:21  SCV x2  
  51  4:29  Command Center  
  51  4:33  SCV x2  
  51  4:38  Marine  
  54  4:45  Engineering Bay x2  
  54  4:51  SCV  
  54  4:52  SCV  
  56  5:03  Marine x2, SCV  
  56  5:04  SCV  
  56  5:06  Starport Reactor  
  56  5:14  Factory Reactor  
  56  5:15  SCV  
  56  5:16  SCV  
  56  5:17  Marine x2  
  56  5:20  Barracks  
  60  5:22  Barracks  
  60  5:27  Marine  
  60  5:28  Marine  
  61  5:30  Terran Infantry Armor Level 1, Terran Infantry Weapons Level 1  
  62  5:36  Refinery  
  62  5:40  Marine x3  
  62  5:42  Supply Depot  
  65  5:43  Medivac x2, Refinery  
  65  5:44  Supply Depot  
  65  5:48  SCV  
  65  5:49  SCV  
  71  5:55  Orbital Command  
  71  6:00  Marine x3  
  71  6:01  Marine  
  71  6:02  Combat Shields  
  71  6:04  Reaper, Supply Depot  
  75  6:10  SCV  
  78  6:11  SCV  
  79  6:18  Marine  
  79  6:21  Barracks Reactor  
  79  6:25  SCV x2  
  82  6:27  Orbital Command, Supply Depot  
  82  6:30  Widow Mine x2  
  82  6:31  Supply Depot  
  82  6:32  Barracks Reactor  
  85  6:37  Supply Depot  
  85  6:43  Marine x5  
  85  6:46  Medivac x2  
  94  6:58  SCV  
  94  7:01  Marine x5  
  94  7:16  Marine  
  94  7:17  Marine x3, Widow Mine x2  
  94  7:18  Marine  
  99  7:33  Marine x3  
  99  7:34  Marine x3, Medivac x2  
  99  7:36  SCV  
  106  7:43  Marine x2  
  106  7:44  Marine  
  108  7:46  Armory  
  108  7:51  Marine x2  
  108  7:52  SCV  
  108  7:55  Marine  
  108  7:56  Marine  
  113  8:00  SCV  
  113  8:01  Widow Mine x2  
  113  8:03  Marine x2  
  120  8:06  SCV  
  120  8:08  Refinery  
  121  8:13  Barracks, Refinery  
  121  8:16  SCV  
  121  8:17  Barracks x2  
  121  8:18  SCV  
  123  8:20  Supply Depot x3  
  123  8:28  Marine x2  
  125  8:37  Terran Infantry Weapons Level 2, Terran Infantry Armor Level 2  
  125  8:38  Terran Ship Weapons Level 1  
  125  8:41  Marine x4, Medivac x2  
  125  8:42  SCV  
  134  8:53  Marine x4  
  134  8:54  Marauder  
  139  9:04  Marine x3  
  139  9:11  Liberator  
  139  9:12  Liberator  
  139  9:14  Command Center  
  139  9:15  Marauder  
  139  9:16  Marine x2  
  138  9:23  Marine x2  
  124  9:27  Marine x4  
  124  9:28  Widow Mine x2  
  136  9:34  Marine  
  136  9:35  SCV  
  136  9:36  SCV  
  136  9:37  Marauder  
  136  9:38  Supply Depot x2  
  141  9:40  Barracks Tech Lab x2  
  141  9:41  Barracks Tech Lab  
  137  9:54  Marine x5  
  137  9:58  Marauder  
  144  10:00  Liberator x2  
  144  10:13  Marine  
  144  10:16  Widow Mine x2  
  144  10:20  Marauder  
  150  10:33  Marine x5, Marauder x3  
  161  10:36  Missile Turret  
  161  10:39  Marine x3  
  161  10:41  Marauder  
  166  10:43  Supply Depot  
  152  11:16  Marine x2  
  152  11:17  Marauder  
  140  11:18  Marine x3  
  140  11:19  Marauder  
  140  11:20  Marine x3  
  140  11:21  Marauder  
  140  11:22  Marine  
Tags
 
Add a new tag
Caveats
  • Supply blocks, unpowered buildings, or Contaminate may cause inaccurate times.
  • Supply counts are checked every 10 seconds.